 Dungeon Crawl Stone Soup version 0.18.1-48-g4cf74bf (webtiles) character file.

11529 nikopol the Cleaver (level 11, 0/153 HPs)
             Began as a Minotaur Berserker on Aug 27, 2016.
             Was the Champion of Trog.
             Slain by a black mamba (13 damage)
             ... on level 3 of the Lair of Beasts on Aug 28, 2016.
             The game lasted 00:38:14 (12663 turns).

nikopol the Cleaver (Minotaur Berserker)           Turns: 12663, Time: 00:38:15

Health: 0/153      AC: 13    Str: 27    XL:     11   Next: 50%
Magic:  10/10      EV: 16    Int:  4    God:    Trog [******]
Gold:   881        SH:  0    Dex: 13    Spells: 0 memorised, 10 levels left

rFire  . . .     SeeInvis .     a - +3 battleaxe (freeze)
rCold  . . .     Gourm    .     s - +0 ring mail
rNeg   . . .     Faith    +     (shield currently unavailable)
rPois  .         Spirit   .     p - +2 hat
rElec  .         Dismiss  .     r - +0 cloak
rCorr  .         Reflect  .     (no gloves)
SustAt .         Harm     .     u - +1 pair of boots
MR     .....                    d - amulet of faith
Stlth  ..........               (no ring)
                                (no ring)

@: berserking, lethally poisoned (0 -> -8), very quick, not resistant to hostile
enchantments, extremely unstealthy
A: retaliatory headbutt, horns 2
a: Berserk, Trog's Hand, Brothers in Arms, Burn Spellbooks, Renounce Religion


You were on level 3 of the Lair of Beasts.
You worshipped Trog.
Trog was exalted by your worship.
You were not hungry.

You visited 2 branches of the dungeon, and saw 12 of its levels.
You also visited: Ossuary.

You collected 881 gold pieces.

Inventory:

Hand Weapons
 a - a +3 battleaxe of freezing (weapon)
 z - a +0 shortbow
Missiles
 k - 278 arrows (quivered)
Armour
 p - a +2 hat (worn)
 r - a +0 cloak (worn)
 s - a +0 ring mail (worn)
 u - a +1 pair of boots (worn)
Jewellery
 d - an amulet of faith (around neck)
 n - an uncursed ring of see invisible
 B - a +4 ring of protection
 Z - an uncursed ring of positive energy
Wands
 m - a wand of flame (22/48)
 t - a wand of paralysis (5/24)
Scrolls
 b - a scroll of enchant armour
 e - 9 scrolls of teleportation
 g - a scroll of blinking
 i - a scroll of vulnerability {unknown}
 l - 7 scrolls of recharging
 y - 5 scrolls of remove curse
 D - a scroll of silence {unknown}
 F - 4 scrolls of amnesia {unknown}
 G - a scroll of fog {unknown}
 Q - 4 scrolls of magic mapping
 U - a scroll of random uselessness {unknown}
 Y - 3 scrolls of fear {unknown}
Potions
 h - 3 potions of flight
 j - 7 potions of curing
 o - 4 potions of cancellation
 q - 3 potions of might
 v - 2 potions of ambrosia
 x - 3 potions of heal wounds
 C - 5 potions of haste
 H - 4 potions of invisibility
 I - 3 potions of agility
 J - a potion of mutation {unknown}
 K - a potion of magic
 P - a potion of resistance {unknown}
 S - a potion of brilliance {unknown}
Books
 w - a book of Frost

   Spells                             Type                      Level
   a - Freeze                         Ice                          1
   b - Throw Frost                    Conjuration/Ice              2
   c - Ozocubu's Armour               Charms/Ice                   3
   d - Throw Icicle                   Conjuration/Ice              4
   e - Summon Ice Beast               Ice/Summoning                4
   Trog disapproves of the use of such an item.
Comestibles
 c - 8 bread rations
 f - 10 meat rations
 A - 3 chunks of flesh
 E - 5 fruits
 L - 3 beef jerkies
 O - 10 royal jellies


   Skills:
 + Level 11.3 Fighting
 * Level 11.6 Axes
 * Level 4.2 Bows
 + Level 10.6 Armour
 + Level 9.9 Dodging


You had 10 spell levels left.
You didn't know any spells.

Dungeon Overview and Level Annotations

Branches:
Dungeon (9/15)             Temple (0/1) D:7            Lair (3/8) D:8
  Snake (0/4) Lair:3          Orc (0/2) D:9
  Swamp: Lair:3-6    Shoals: Lair:3-6

Altars:
Ashenzari
Dithmenos
Nemelex Xobeh
Okawaru
Pakellas
Ru
Sif Muna
Vehumet
Xom
Yredelemnul
Zin
The Shining One

Shops:
D:4 :


Innate Abilities, Weirdness & Mutations

You reflexively headbutt those who attack you in melee.
You have a pair of horns on your head.


Message History

A red film seems to cover your vision as you go berserk!
You feel yourself moving faster!
You feel mighty!
You feel somewhat more hungry.
You feel sick. The black mamba barely misses you.
The black mamba bites you but does no damage.
The adder completely misses you. The black mamba bites you.
* * * LOW HITPOINT WARNING * * *
The black mamba bites you!
* * * LOW HITPOINT WARNING * * *
You slice the black mamba!! You freeze the black mamba!
You kill the black mamba!
Trog accepts your kill.
You slash the black mamba!
The black mamba seems to slow down.
You freeze the black mamba.
The black mamba is heavily wounded.
You slice the adder!!
The adder seems to slow down.
You freeze the adder.
You kill the adder!
Trog accepts your kill.
You feel sick. The black mamba bites you!
You die...

..... ## #.##.# ..... #.#
..P#... ..... ......
#.P####....... ..... .)).P
.......#.#.. ....###...#
.......#.# .##..#P...#
#......# # #......P..##
#...>..#P.# #....#.....#
####..P......
......#...#####.@S.........
#.....#....#....††#P..P###.
#...............###.P!##
.##.##.......P.## ###.#
...#.#.......### .#
...........### ..
..........## ...
..........# .## ...........


You could see a black mamba.

Vanquished Creatures
  3 black mambas (Lair:3)
  4 spiny frogs
  5 komodo dragons
  Grinder (D:5)
  2 wyverns
  3 yaks (Lair:2)
  2 hippogriffs
  A warg (D:9)
  A soldier ant (D:8)
  3 water moccasins
  Duvessa (D:4)
  8 orc warriors
  3 porcupines
  A wasp (D:8)
  2 sky beasts
  3 phantoms
  2 ice beasts
  4 ogres
  A centaur (D:9)
  5 crocodiles
  5 giant frogs
  2 big kobolds
  Dowan (D:4)
  A scorpion (D:9)
  4 killer bees (D:9)
  3 wights (D:9)
  4 electric eels (D:6)
  3 howler monkeys (D:7)
  2 crimson imps
  3 giant frog zombies
  A quasit (D:7)
  2 hounds
  A jelly (D:4)
  Crazy Yiuf (D:4)
  A centaur skeleton (D:9)
  6 orc priests
  A giant frog skeleton (D:7)
  12 orc wizards
  2 hell rats (Lair:1)
  6 iguanas
  9 worker ants
  13 sheep
  A big kobold zombie (Ossuary)
  8 mummies (Ossuary)
  2 worker ant zombies
  4 gnolls (D:3)
  68 river rats
  11 adders
  An ooze (D:1)
  6 worms
  A dart slug (D:1)
  7 giant geckos
  46 orcs
  A ball python (D:1)
  3 giant cockroaches
  A gnoll zombie (Ossuary)
  7 goblins
  6 hobgoblins
  10 jackals
  5 quokkas
  4 bats
  A giant gecko skeleton (D:8)
  5 giant newts
  4 hobgoblin zombies (Ossuary)
  A jackal skeleton (D:7)
  18 kobolds
  2 orc zombies (Ossuary)
  A quokka zombie (D:6)
  15 rats
  A rat zombie (D:5)
  A spectral orc (D:3)
  7 plants
386 creatures vanquished.

Vanquished Creatures (others)
  2 plants
2 creatures vanquished.

Grand Total: 388 creatures vanquished

Notes
Turn   | Place    | Note
--------------------------------------------------------------
     0 | D:1      | nikopol the Minotaur Berserker began the quest for the Orb.
     0 | D:1      | Reached XP level 1. HP: 19/19 MP: 0/0
   223 | D:1      | Reached XP level 2. HP: 24/27 MP: 1/1
   372 | D:1      | Reached ** piety under Trog
   399 | D:1      | Found a sparkling altar of Nemelex Xobeh.
   525 | D:1      | Reached XP level 3. HP: 28/33 MP: 2/2
  1041 | D:2      | Found an iron altar of Okawaru.
  1747 | D:2      | Reached XP level 4. HP: 22/40 MP: 3/3
  1956 | D:3      | Reached *** piety under Trog
  1957 | D:3      | Reached XP level 5. HP: 30/47 MP: 4/4
  2177 | D:3      | Noticed a phantom
  2213 | D:3      | Killed a phantom
  2213 | D:3      | Reached skill level 5 in Fighting
  2213 | D:3      | Reached skill level 5 in Axes
  2439 | D:3      | Reached XP level 6. HP: 56/56 MP: 5/5
  2730 | D:3      | Found a radiant altar of Vehumet.
  2863 | D:3      | Found a basalt altar of Yredelemnul.
  3205 | D:4      | Found a deep blue altar of Sif Muna.
  3251 | D:4      | Reached XP level 7. HP: 45/62 MP: 6/6
  3273 | D:4      | Found a shadowy altar of Dithmenos.
  3321 | D:4      | Reached **** piety under Trog
  3351 | D:4      | Reached skill level 5 in Armour
  3375 | D:4      | Found a glowing silver altar of Zin.
  3732 | D:4      | Found Mapunnem's Book Shoppe.
  3738 | D:4      | Noticed Dowan
  3739 | D:4      | Noticed Duvessa
  3746 | D:4      | Killed Duvessa
  3755 | D:4      | Killed Dowan
  3755 | D:4      | Reached skill level 5 in Dodging
  4196 | D:4      | Noticed Crazy Yiuf
  4202 | D:4      | Killed Crazy Yiuf
  4425 | D:5      | Entered Level 5 of the Dungeon
  4458 | D:5      | Found a sand-covered staircase.
  4468 | Ossuary  | Entered an ossuary
  4731 | D:5      | Found a shattered altar of Ashenzari.
  4881 | D:5      | Reached XP level 8. HP: 71/71 MP: 7/7
  4938 | D:5      | Noticed Grinder
  4947 | D:5      | Killed Grinder
  4961 | D:5      | Found a glowing golden altar of the Shining One.
  5162 | D:5      | Found an oddly glowing altar of Pakellas.
  5162 | D:5      | Noticed an ice dragon
  5298 | D:5      | Found a shimmering altar of Xom.
  6541 | D:6      | Found a sacrificial altar of Ru.
  6657 | D:6      | Reached XP level 9. HP: 81/81 MP: 8/8
  6885 | D:7      | Reached ***** piety under Trog
  7017 | D:7      | Found a staircase to the Ecumenical Temple.
  7234 | D:7      | Found a shimmering altar of Xom.
  7234 | D:7      | Found a sparkling altar of Nemelex Xobeh.
  7929 | D:8      | Found a staircase to the Lair.
  7930 | D:8      | Noticed a komodo dragon
  7946 | D:8      | Killed a komodo dragon
  8655 | D:8      | Received a gift from Trog
  8655 | D:8      | Reached XP level 10. HP: 75/91 MP: 9/9
  8743 | Lair:1   | Entered Level 1 of the Lair of Beasts
  8965 | Lair:1   | Noticed a spiny frog
  8969 | Lair:1   | Killed a spiny frog
  9069 | Lair:1   | Received a gift from Trog
  9281 | Lair:1   | Noticed a spiny frog
  9290 | Lair:1   | Killed a spiny frog
  9290 | Lair:1   | Reached skill level 10 in Fighting
  9379 | Lair:1   | Noticed a spiny frog
  9384 | Lair:1   | Reached skill level 10 in Axes
  9390 | Lair:1   | Killed a spiny frog
  9484 | Lair:1   | Reached ****** piety under Trog
  9687 | Lair:1   | Reached skill level 10 in Armour
 10346 | D:9      | Reached skill level 1 in Bows
 10449 | D:9      | Received a gift from Trog
 10490 | D:9      | Reached XP level 11. HP: 88/101 MP: 10/10
 10540 | D:9      | Found a staircase to the Orcish Mines.
 11421 | Lair:2   | Received a gift from Trog
 11437 | Lair:2   | Gained mutation: You have a pair of large horns on your head. [potion of beneficial mutation]
 11438 | Lair:2   | Lost mutation: You have a pair of large horns on your head. [potion of cure mutation]
 11546 | Lair:2   | Received a gift from Trog
 12627 | Lair:3   | Found a staircase to the Snake Pit.
 12663 | Lair:3   | Slain by a black mamba

Skill      XL: |  1  2  3  4  5  6  7  8  9 10 11 |
---------------+----------------------------------+-----
Armour         | 3 4 6 7 9 10 | 10.6
Axes           | 4 5 6 7 9 10 11 | 11.6
Fighting       | 4 5 6 7 9 10 11 | 11.3
Dodging        | 3 4 5 6 8 9 |  9.9
Bows           | 1 4 |  4.2

Action                   |  1- 3 |  4- 6 |  7- 9 | 10-12 || total
-------------------------+-------+-------+-------+-------++-------
Melee: Hand axe          |    99 |   132 |   382 |   180 ||   793
       Headbutt          |     8 |    24 |   106 |    72 ||   210
       Battleaxe         |       |       |       |   140 ||   140
 Fire: Shortbow          |       |       |       |   129 ||   129
Invok: Burn Spellbooks   |     1 |       |     4 |     1 ||     6
       Berserk           |       |     2 |     2 |     2 ||     6
       Trog's Hand       |       |       |     1 |       ||     1
  Use: Scroll            |       |       |     9 |    12 ||    21
       Potion            |       |       |       |     3 ||     3
  Eat: Chunk             |     3 |     6 |    19 |    13 ||    41
       Fruit             |       |       |     1 |     1 ||     2
       Pizza             |       |       |       |     1 ||     1
Armor: Leather armour    |    19 |     3 |       |       ||    22
       Animal skin       |     1 |       |       |       ||     1
       Ring mail         |       |    42 |   109 |    95 ||   246
Dodge: Dodged            |    62 |    84 |   199 |   250 ||   595
